 Dungeon Crawl Stone Soup version 0.24.1-14-gf8d2b509d9 (webtiles) character file.

Game seed: 18417824273861223909, levelgen mode: deterministic

9808 KlarStein the Slicer (level 11, -1/87 HPs)
             Began as a Demonspawn Fighter on Nov 28, 2020.
             Was a Believer of Ashenzari.
             Slain by an unseen horror (10 damage)
             ... on level 9 of the Dungeon.
             The game lasted 00:44:15 (8420 turns).

KlarStein the Slicer (Demonspawn Fighter)           Turns: 8420, Time: 00:44:15

Health: -1/87      AC:  5    Str: 24    XL:     11   Next: 27%
Magic:  11/11      EV: 21    Int: 11    God:    Ashenzari [**....]
Gold:   277        SH:  6    Dex: 20    Spells: 10/10 levels left

rFire    + . .     SeeInvis .   o - +0 rapier (venom)
rCold    + . .     Gourm    .   v - +0 buckler
rNeg     . . .     Faith    .   J - +0 ring mail {rF+}
rPois    .         Spirit   .   (helmet restricted)
rElec    .         Reflect  .   K - +2 cloak (curse)
rCorr    .         Harm     .   m - +0 pair of gloves
MR       .....                  (no boots)
Stlth    +++++.....             E - amulet of Muorr {Regen+ Slay+3} (curse)
HPRegen  0.64/turn              F - ring of protection from cold
MPRegen  0.12/turn              s - +3 ring of strength

@: mighty, agile, corroded, very slightly contaminated
A: antennae 2, yellow scales 2, nightstalker 1, spiny 1
a: Curse Item, Scrying, Renounce Religion


You were on level 9 of the Dungeon.
You worshipped Ashenzari.
Ashenzari was pleased with you.
You were not hungry.

You visited 1 branch of the dungeon, and saw 9 of its levels.

You collected 579 gold pieces.
You spent 302 gold pieces at shops.

Inventory:

Hand Weapons
 a - a +1 long sword
 o - a +0 rapier of venom (weapon)
 t - a +0 falchion
Missiles
 i - 6 atropa-tipped darts
 G - 48 poisoned darts (quivered)
Armour
 c - a +0 shield
 m - a +0 pair of gloves (worn)
 v - a +0 buckler (worn)
 J - a +0 ring mail of fire resistance (worn)
 K - a cursed +2 cloak (worn)
Jewellery
 s - a +3 ring of strength (right hand)
 E - the cursed amulet of Muorr (around neck) {Regen+ Slay+3}
   (You found it on level 6 of the Dungeon)

   [amulet of regeneration]

   It affects your accuracy and damage with ranged weapons and melee attacks
   (+3).
   It increases your rate of regeneration.
   It has a curse placed upon it.
 F - a ring of protection from cold (left hand)
Wands
 b - a wand of polymorph (9)
 h - a wand of flame (3)
 l - a wand of digging (3)
 p - a wand of random effects (35)
 D - a wand of paralysis (2)
 P - a wand of iceblast (14)
Scrolls
 z - a scroll of magic mapping
 B - 4 scrolls of identify
 L - a scroll of torment
 Q - 2 scrolls of remove curse
Potions
 d - 3 potions of might
 e - a potion of heal wounds {unknown}
 j - a potion of flight
 n - 6 potions of curing
 q - 4 potions of brilliance
 u - a potion of cancellation
 w - a potion of magic {unknown}
 I - a potion of agility
 O - a potion of invisibility {unknown}
Comestibles
 f - 17 rations
 k - 5 chunks of flesh


   Skills:
 + Level 8.4 Fighting
 * Level 9.3(9.7) Short Blades
 - Level 4.2(7.3) Long Blades
 + Level 5.2 Armour
 + Level 6.3 Dodging
 + Level 6.1 Stealth
 - Level 5.0 Shields


You had 10 spell levels left.
You didn't know any spells.
Your spell library contained the following spells:

 Spells                   Type           Power        Failure   Level  Hunger
 Sandblast                Erth           #.....       47%         1    ##.....
 Passwall                 Tmut/Erth      #.......     63%         2    ###....
 Stone Arrow              Conj/Erth      #.....       85%         3    ####...
 Petrify                  Tmut/Erth      #.......     99%         4    #####..
 Lee's Rapid Deconstruct  Erth           #.........   100%        5    ######.


Dungeon Overview and Level Annotations

Branches:
Dungeon (9/15)             Temple (0/1) D:7            Lair (0/6) D:9
    Orc: D:9-12

Altars:
Ashenzari
Dithmenos
Elyvilon
Hepliaklqana
Kikubaaqudgha
Qazlal
Sif Muna
Trog
Uskayaw
Wu Jian
Yredelemnul

Shops:
D:7 [


Innate Abilities, Weirdness & Mutations

You have a pair of antennae on your head.
You are mostly covered in yellow scales. (AC +3)
You are slightly more attuned to the shadows.
You are partially covered in sharp spines.


Message History

Something hits you. The acid dragon bites you!
You block the acid dragon's attack. You block something's attack.
You hit something. Something hits you.
* * * LOW HITPOINT WARNING * * *
Something barely misses you.
The crimson imp is struck by your spines.
The crimson imp hits you.
* * * LOW HITPOINT WARNING * * *
The acid dragon completely misses you. x2
You feel very mighty all of a sudden.
The acid dragon looks more healthy.
Something hits you!
* * * LOW HITPOINT WARNING * * *
The crimson imp completely misses you.
The acid dragon is struck by your spines.
You kill the acid dragon!
You closely miss something. Something closely misses you. Something hits you.
* * * LOW HITPOINT WARNING * * *
You hit something. Something hits you!
You die...

............#..#.....[##.....[.##
............#..#.......#).......'
............#..#..####.').......#
......[.....#..#..# ####.......#
............#..#..#,,, ###......
##..........#..#..# , ,, ##.....
##.........#..#..#..#{ , #..... #
##........#..#..#..#* {##....
####........#..#@{#..# #....
.##..#......#..#5Z#..# #....
..#....#....#..#..#.{#####..##...
............#.....#....ยง.{..%#...
...#####....#.....'......Z...#...
...# ##...##################.##
...# #..#.................#.#
##.## #..#.................#.#
#..# #...#....>....>......#.##


You could see a crimson imp and a centaur skeleton.

Vanquished Creatures
  2 two-headed ogres
  An unseen horror (D:9)
  Pikel (D:6)
  An ugly thing (D:9)
  An elephant (D:9)
  2 gargoyles
  Prince Ribbit (D:7)
  A hippogriff (D:7)
  2 wyverns
  Eustachio (D:4)
  A basilisk (D:9)
  5 yaks (D:9)
  A hungry ghost (D:9)
  Menkaure (D:4)
  An acid dragon (D:9)
  A hornet zombie (D:6)
  3 sky beasts
  An ice beast (D:8)
  2 ogres (D:7)
  4 black bears
  3 orc warriors
  2 eyes of draining
  A phantom (D:7)
  3 necrophages
  2 crocodiles (D:9)
  2 centaurs
  A big kobold (D:9)
  5 bullfrogs
  A scorpion (D:5)
  A wyvern skeleton (D:8)
  5 killer bees (D:7)
  A wight (D:9)
  5 howler monkeys
  2 jellies (D:9)
  6 crimson imps
  3 hounds
  A bullfrog skeleton (D:7)
  7 orc priests
  4 orc wizards
  2 centaur skeletons
  Jessica (D:3)
  An iguana (D:5)
  Natasha (thrice) (D:4)
  7 worker ants
  A hound zombie (D:8)
  A howler monkey zombie (D:9)
  Robin (D:2)
  2 worker ant zombies (D:9)
  14 adders
  A gnoll (D:1)
  A shadow imp (D:7)
  An ooze (D:4)
  An adder skeleton (D:6)
  A worm (D:6)
  A dart slug (D:1)
  A leopard gecko (D:3)
  32 orcs
  3 ball pythons
  7 giant cockroaches
  15 goblins
  15 hobgoblins
  9 jackals
  6 quokkas
  7 bats
  3 frilled lizards
  10 kobolds
  A leopard gecko skeleton (D:6)
  6 rats
242 creatures vanquished.

Vanquished Creatures (others)
  3 slaves (D:6)
  Blork the orc (D:6)
  2 orc priests (D:6)
  A worker ant (D:6)
  2 orcs (D:6)
  A giant cockroach (D:6)
10 creatures vanquished.

Grand Total: 252 creatures vanquished

Notes
Turn   | Place    | Note
-------+----------+-------------------------------------------
     0 | D:1      | KlarStein the Demonspawn Fighter began the quest for the
                  | Orb.
     0 | D:1      | Reached XP level 1. HP: 18/18 MP: 1/1
   167 | D:1      | Gained mutation: You are partially covered in sharp spines.
                  | [demonic ancestry]
   167 | D:1      | Reached XP level 2. HP: 24/24 MP: 2/2
   217 | D:1      | Reached XP level 3. HP: 26/29 MP: 3/3
  1105 | D:2      | Noticed Robin
  1119 | D:2      | Reached XP level 4. HP: 35/35 MP: 4/4
  1129 | D:2      | Killed Robin
  1232 | D:2      | Found a shimmering blue altar of Sif Muna.
  1332 | D:2      | You fall into a shaft and drop 2 floors!
  1380 | D:3      | Noticed Jessica
  1388 | D:3      | Killed Jessica
  1631 | D:3      | Reached XP level 5. HP: 42/42 MP: 5/5
  1659 | D:3      | Found a shattered altar of Ashenzari.
  2525 | D:4      | Noticed Natasha
  2538 | D:4      | Killed Natasha
  2623 | D:4      | Noticed Natasha
  2630 | D:4      | Killed Natasha
  2760 | D:4      | Noticed Menkaure
  2765 | D:4      | Gained mutation: You are slightly more attuned to the
                  | shadows. [demonic ancestry]
  2765 | D:4      | Reached XP level 6. HP: 35/48 MP: 6/6
  2770 | D:4      | Killed Menkaure
  2988 | D:3      | Became a worshipper of Ashenzari the Shackled
  2998 | D:4      | Noticed Eustachio
  3237 | D:4      | Killed Eustachio
  3237 | D:4      | Reached skill level 1 in Short Blades
  3237 | D:4      | Gained mutation: You are partially covered in yellow
                  | scales. (AC +2) [demonic ancestry]
  3237 | D:4      | Reached XP level 7. HP: 48/55 MP: 7/7
  3303 | D:4      | Found a white marble altar of Elyvilon.
  3403 | D:4      | Noticed Natasha
  3408 | D:4      | Killed Natasha
  3462 | D:4      | Found an ornate altar of the Wu Jian Council.
  3658 | D:5      | Entered Level 5 of the Dungeon
  3720 | D:5      | Found an ancient bone altar of Kikubaaqudgha.
  3729 | D:5      | Reached skill level 2 in Short Blades
  3779 | D:5      | Reached skill level 1 in Dodging
  4081 | D:5      | Reached skill level 3 in Short Blades
  4381 | D:6      | Reached skill level 5 in Fighting
  4389 | D:6      | Noticed Pikel
  4395 | D:6      | Killed Pikel
  4395 | D:6      | Reached skill level 4 in Short Blades
  4395 | D:6      | Reached skill level 5 in Shields
  4395 | D:6      | Gained mutation: You have a pair of small antennae on your
                  | head. [demonic ancestry]
  4395 | D:6      | Reached XP level 8. HP: 9/62 MP: 8/8
  4499 | D:6      | Killed Blork the orc
  4685 | D:6      | Identified the amulet of Muorr {Regen+ Slay+3}
  4808 | D:6      | Reached skill level 1 in Stealth
  4888 | D:6      | Found a shadowy altar of Dithmenos.
  4908 | D:6      | Reached skill level 5 in Short Blades
  5237 | D:7      | Noticed Prince Ribbit
  5279 | D:7      | Gained mutation: You have a pair of antennae on your head.
                  | [demonic ancestry]
  5279 | D:7      | Reached XP level 9. HP: 54/68 MP: 9/9
  5313 | D:7      | Killed Prince Ribbit
  5553 | D:7      | Reached skill level 6 in Short Blades
  5731 | D:7      | Found Zeqolynk's Armour Shoppe.
  5744 | D:7      | Bought a +0 ring mail of fire resistance for 121 gold
                  | pieces
  5744 | D:7      | Bought a +2 cloak for 181 gold pieces
  6031 | D:7      | Found a staircase to the Ecumenical Temple.
  6034 | D:7      | Reached * piety under Ashenzari
  6249 | D:8      | Noticed a gargoyle
  6250 | D:8      | Killed a gargoyle
  6250 | D:8      | Reached skill level 7 in Short Blades
  6264 | D:8      | Found a hide-covered altar of Uskayaw.
  6266 | D:8      | Noticed a +0 dagger
  6266 | D:8      | Noticed a +0 dagger
  6285 | D:8      | Noticed a two-headed ogre
  6312 | D:8      | Killed a two-headed ogre
  6312 | D:8      | Reached skill level 5 in Dodging
  6312 | D:8      | Reached XP level 10. HP: 57/78 MP: 10/10
  6364 | D:8      | Found a bloodstained altar of Trog.
  6652 | D:8      | Reached skill level 8 in Short Blades
  6703 | D:8      | Found a basalt altar of Yredelemnul.
  7155 | D:9      | Reached skill level 5 in Stealth
  7221 | D:9      | Noticed a green ugly thing
  7241 | D:9      | Killed a green ugly thing
  7284 | D:9      | Noticed an elephant
  7296 | D:9      | Killed an elephant
  7434 | D:9      | Found a stormy altar of Qazlal.
  7558 | D:9      | Found a hazy altar of Hepliaklqana.
  7695 | D:9      | Gained mutation: You are mostly covered in yellow scales.
                  | (AC +3) [demonic ancestry]
  7695 | D:9      | Reached XP level 11. HP: 70/85 MP: 11/11
  7733 | D:9      | Reached ** piety under Ashenzari
  7768 | D:9      | Reached skill level 9 in Short Blades
  7796 | D:9      | Found a staircase to the Lair.
  8056 | D:9      | Killed an unseen horror
  8070 | D:9      | Reached skill level 5 in Armour
  8343 | D:9      | Noticed a two-headed ogre
  8356 | D:9      | Killed a two-headed ogre
  8420 | D:9      | Slain by an unseen horror

Levels and vault maps discovered:
D:1:      minmay_arrival_four_loops, layout_loops_ring,
          minmay_shallow_snake_nest
D:2:      layout_rooms, lemuel_crystal_altar, first_ration, uniq_robin
D:3:      minmay_chambers_of_twos, layout_basic, ashenzari_altar_1, uniq_jessica
D:4:      layout_rooms, elyvilon_altar_5, lemuel_coloured_pillars_altar,
          kennysheep_generic_room_6, uniq_natasha, uniq_eustachio, uniq_menkaure
D:5:      layout_loops_ring, kiku_gazebo_pond_becter
D:6:      layout_rooms, grunt_dithmenos_smoke_and_mirrors, uniq_pikel,
          uniq_blork_the_orc
D:7:      layout_basic, minmay_temple_entry_glassed_door, serial_shops, shop,
          grunt_ogre_cave, uniq_prince_ribbit1
D:8:      layout_loops_ring, yredelemnul_altar_generic, dancing_weapons_uskayaw,
          trog_ov_bears_minmay
D:9:      minmay_quarter_circles, layout_layer_cave, lemuel_crystal_altar,
          lemuel_round_altar, david_lair_generic

Skill      XL: |  1  2  3  4  5  6  7  8  9 10 11 |
---------------+----------------------------------+-----
Long Blades    | 2 3 4 |  4.2
Armour         | 3 4 5 |  5.2
Shields        | 3 4 5 |  5.0
Fighting       | 4 5 6 7 8 |  8.4
Short Blades   | 1 4 5 7 8 9 |  9.3
Dodging        | 2 3 5 6 |  6.3
Stealth        | 2 4 5 6 |  6.1

Action                   |  1- 3 |  4- 6 |  7- 9 | 10-12 || total
-------------------------+-------+-------+-------+-------++-------
Melee: Long sword        |   110 |   119 |       |       ||   229
       Rapier            |       |    16 |   242 |   285 ||   543
Throw: Dart              |       |       |     2 |     2 ||     4
       Throwing net      |       |       |       |     1 ||     1
Invok: Curse Item        |       |       |     1 |     2 ||     3
Evoke: Wand              |       |     1 |     6 |     4 ||    11
  Use: Scroll            |       |     4 |     8 |     7 ||    19
       Potion            |       |       |       |     4 ||     4
 Stab: Sleeping          |       |       |     8 |     7 ||    15
       Distracted        |       |       |     1 |       ||     1
  Eat: Chunk             |       |     7 |     7 |     9 ||    23
       Ration            |       |       |     1 |       ||     1
Armor: Scale mail        |    61 |    39 |       |       ||   100
       Plate armour      |       |    23 |       |       ||    23
       Leather armour    |       |    31 |    11 |       ||    42
       Ring mail         |       |       |    69 |    51 ||   120
Dodge: Dodged            |    25 |    55 |    92 |   112 ||   284
Block: Shield            |    53 |    67 |       |       ||   120
       Buckler           |       |    10 |    50 |    58 ||   118
       Rpst.: Long sword |     7 |     8 |       |       ||    15
